AoeStats
← [ Wildpigs ] PaPi

Arena

510451470Analyzed
3v3 RM · 17h ago on Oct 1, 2026· 19m 48s· 6 players
Game mode
Random Map
Map size
Normal (6 player)
Population
200
Speed
Normal
Resources
Standard
Victory
Conquest
Starting age
Dark Age
Ending age
Imperial Age
RankedLock teamsTeams togetherTeam positionsShared explorationLock speedFull tech treeHidden civsTurbo modeCheats
Victory
Defeat
🇨🇴 Persians · Colombia
1122
+11
1066
+13
🇵🇪 Saracens · Peru
1046
+14
🇲🇽 Khmer · Mexico
1044
-14
🇺🇸 Wei · United States
1023
-13
🇲🇽 Burmese · Mexico
969
-11
sengfan
10:30 Feudal Age
11:13 Double-Bit Axe
14:30 Castle Age
12:41 Horse Collar
BP Charly
11:31 Feudal Age
15:23 Castle Age
[ Wildpigs ] PaPi
11:01 Feudal Age
15:23 Castle Age
15:09 Double-Bit Axe
19:26 Scale Barding Armor
Pestañón Quema Cañón
10:36 Feudal Age
14:32 Castle Age
16:15 Double-Bit Axe
19:02 Horse Collar
culturaparacas
9:48 Feudal Age
12:01 Double-Bit Axe
15:50 Fletching
17:07 Padded Archer Armor
18:16 Wheelbarrow
19:05 Forging
CVPE | Monje del SENA
10:57 Feudal Age
15:49 Castle Age
15:49 Scale Barding Armor
15:55 Forging
15:35 Double-Bit Axe
16:01 Horse Collar
20:02 Bloodlines
Connection lost

Rejoining the realm…

Still unreachable

The connection could not be restored.

Session expired

The server has moved on; the page needs a fresh start.